 Dungeon Crawl Stone Soup version 0.23.2-30-g0e89c35649 (webtiles) character file.

Game seed: 4439282270304041943

165 sankara the Ducker (level 5, -2/41 HPs)
             Began as a Demonspawn Gladiator on June 22, 2019.
             Killed from afar by an orc wizard (4 damage)
             ... with a magic dart
             ... on level 4 of the Dungeon.
             The game lasted 00:09:14 (3036 turns).

sankara the Ducker (Demonspawn Gladiator)           Turns: 3036, Time: 00:09:16

Health: -2/41      AC:  4    Str: 15    XL:     5   Next: 22%
Magic:  5/5        EV: 14    Int:  9    God:
Gold:   117        SH:  0    Dex: 15    Spells: 4/4 levels left

rFire    . . .     SeeInvis .   a - +0 long sword
rCold    . . .     Gourm    .   (no shield)
rNeg     . . .     Faith    .   b - +0 leather armour
rPois    .         Spirit   .   c - +0 helmet
rElec    .         Reflect  .   (no cloak)
rCorr    .         Harm     .   (no gloves)
MR       .....                  (no boots)
Stlth    +.........             (no amulet)
HPRegen  0.13/turn              (no ring)
MPRegen  0.09/turn              (no ring)

@: confused
A: claws 1, spiny 1
a: no special abilities


You were on level 4 of the Dungeon.
You were not hungry.

You visited 1 branch of the dungeon, and saw 4 of its levels.

You collected 117 gold pieces.

Inventory:

Hand Weapons
 a - a +0 long sword (weapon)
 n - a +0 club
   (You took it off a hobgoblin on level 2 of the Dungeon)
 o - a +0 dagger
   (You took it off a kobold on level 2 of the Dungeon)
 p - a +0 club
   (You took it off a hobgoblin on level 2 of the Dungeon)
 q - a +0 club
   (You took it off a hobgoblin on level 2 of the Dungeon)
 r - a +0 dagger
   (You took it off a goblin on level 2 of the Dungeon)
Missiles
 d - 3 throwing nets {=f, !d}
 h - 153 stones (quivered)
 j - 10 javelins
Armour
 b - a +0 leather armour (worn)
 c - a +0 helmet (worn)
Scrolls
 g - a scroll of fear {unknown}
 k - a scroll of identify {unknown}
 m - a scroll of noise {unknown}
 x - a scroll of blinking {unknown}
 y - a scroll of magic mapping {unknown}
Potions
 e - a potion of mutation {unknown}
 i - a potion of ambrosia {unknown}
 l - 2 potions of curing {unknown}
 s - 2 potions of brilliance {unknown}
 t - a potion of cancellation {unknown}
 u - a potion of magic {unknown}
 w - a potion of flight {unknown}
Comestibles
 f - 7 rations
 v - 2 chunks of flesh {@w0}


   Skills:
 - Level 3.0 Fighting
 - Level 3.1 Long Blades
 - Level 1.7 Throwing
 + Level 4.0 Dodging
 + Level 2.1 Unarmed Combat


You had 4 spell levels left.
You didn't know any spells.
Your spell library was empty.

Dungeon Overview and Level Annotations

Branches:
Dungeon (4/15)
 Temple: D:4-7

Altars:
Cheibriados
Elyvilon
Nemelex Xobeh
Ru
Uskayaw
Xom

Annotations:
D:3 2 transporters, Tramtrist's ghost, amateur KoHu


Innate Abilities, Weirdness & Mutations

You have sharp fingernails.
You are partially covered in sharp spines.


Message History

You see here 14 stones.
An orc is nearby!
A leopard gecko comes into view.
A giant cockroach, an orc and 2 orc wizards come into view.
The orc shouts! x2; The orc wizard shouts! x2
An orc priest comes into view. It is wielding a +4 whip.
An orc comes into view. It is wielding a +0 dagger.
A worker ant comes into view.
The giant cockroach moves out of view.
An orc and an orc wizard come into view.
The orc wizard shouts!
The orc shouts!
The orc shouts!
You hit the orc.
The orc is lightly wounded.
The orc is struck by your spines.
You kill the orc!
The orc wizard casts a spell at you. The magic dart hits you!
The orc wizard begins to cast a cantrip, but forgets the words!
You are too injured to fight recklessly!
You are too injured to fight recklessly!
You are too injured to fight recklessly!
You hit the orc priest.
The orc priest is lightly wounded.
The orc priest closely misses you.
The orc wizard begins to cast a cantrip, but forgets the words!
The orc wizard barely misses you.
The orc wizard looks braver for a moment.
The orc wizard casts a spell.
The orc wizard flickers and vanishes!
Deactivating autopickup; reactivate with Ctrl-A.
The orc wizard closely misses you.
You slash the orc priest!
The orc priest is severely wounded.
The orc priest hits you with a +4 whip. x2
You closely miss the orc priest.
The orc priest is heavily wounded.
The orc priest misses you.
You closely miss the orc priest.
The orc priest is heavily wounded.
The orc priest closely misses you.
You riposte.
You hit the orc priest.
The orc priest is severely wounded.
You barely miss the orc priest.
The orc priest is severely wounded.
The orc priest hits you with a +4 whip.
You slash the orc priest!
You kill the orc priest!
The leopard gecko misses you.
You slash the leopard gecko!
You kill the leopard gecko!
You have reached level 5!
You hit the orc.
The orc is moderately wounded.
The orc is struck by your spines. The orc hits you with a +0 dagger.
You slash the orc!
You kill the orc!
You hit something. Something hits you but does no damage.
You hit something.
You hear some strange, mumbled words.
Something tries to affect you, but you resist.
Something hits you but does no damage.
You closely miss something.
You hear some strange, mumbled words.
A puff of flame appears from out of thin air!
The puff of flame hits you!
* * * LOW HITPOINT WARNING * * *
You miss something. Something barely misses you.
You hit something.
You hear some strange, mumbled words.
Something tries to affect you, but you resist.
The worker ant waves its antennae.
You hear some strange, mumbled words.
Something tries to affect you, but you resist.
You hit something.
You hear some strange, mumbled words.
A magic dart appears from out of thin air!
The magic dart hits you.
* * * LOW HITPOINT WARNING * * *
You barely miss something. Something hits you.
* * * LOW HITPOINT WARNING * * *
You miss something.
You hear some strange, mumbled words.
You are confused.
You bump into the rock wall.
The orc wizard mumbles some strange words.
The orc wizard seems to speed up.
You hear some strange, mumbled words.
You are more confused.
You closely miss something. Something hits you but does no damage.
You bump into the rock wall.
Something hits you.
* * * LOW HITPOINT WARNING * * *
You miss something.
You hear some strange, mumbled words.
You are more confused.
Reactivating autopickup.
Your Dodging skill increases to level 4!
Your Unarmed Combat skill increases to level 2!
You feel a bit more experienced. The orc wizard casts a spell at you.
The magic dart hits you.
You die...

##.###...#####
#..##.........
#.#...........
#.#.#..<......#
#...##.########
.(....#..###
..>..##......#
###.# ##.##(.#
#. #@#..## #
#)#.##
##.####ao.#
#..(..oo###
....###)# ..
... !....
.......
........#


You could see a worker ant, an orc wizard and 2 orcs.

Vanquished Creatures
  An orc priest (D:4)
  An orc wizard (D:4)
  4 adders
  An ooze (D:2)
  A worm (D:3)
  A dart slug (D:2)
  4 leopard geckos
  3 orcs (D:4)
  A ball python (D:2)
  A giant cockroach (D:3)
  10 hobgoblins
  3 jackals (D:1)
  A quokka (D:3)
  8 bats
  5 frilled lizards
  5 goblins
  4 kobolds
  8 rats
62 creatures vanquished.

Notes
Turn   | Place    | Note
-------+----------+-------------------------------------------
     0 | D:1      | sankara the Demonspawn Gladiator began the quest for the
                  | Orb.
     0 | D:1      | Reached XP level 1. HP: 16/16 MP: 1/1
   616 | D:1      | Gained mutation: You are partially covered in sharp spines.
                  | [demonic ancestry]
   616 | D:1      | Reached XP level 2. HP: 22/22 MP: 2/2
   822 | D:1      | Reached skill level 3 in Long Blades
   822 | D:1      | Reached skill level 3 in Dodging
   952 | D:2      | Found a white marble altar of Elyvilon.
  1088 | D:2      | Gained mutation: You have sharp fingernails. [demonic
                  | ancestry]
  1088 | D:2      | Reached XP level 3. HP: 27/28 MP: 3/3
  1189 | D:2      | Found a shimmering altar of Xom.
  1370 | D:2      | Found a snail-covered altar of Cheibriados.
  2031 | D:2      | Reached XP level 4. HP: 34/34 MP: 4/4
  2032 | D:2      | Reached skill level 3 in Fighting
  2032 | D:2      | Reached skill level 1 in Unarmed Combat
  2220 | D:3      | Found a sparkling altar of Nemelex Xobeh.
  2222 | D:3      | Found a sacrificial altar of Ru.
  2256 | D:3      | Noticed Tramtrist's ghost (amateur KoHu)
  2258 | D:3      | Found a transporter.
  2263 | D:3      | Found a transporter.
  2501 | D:3      | Noticed a +0 dagger
  2501 | D:3      | Noticed a +0 hand axe
  2592 | D:3      | Found a hide-covered altar of Uskayaw.
  3022 | D:4      | Reached XP level 5. HP: 26/41 MP: 5/5
  3030 | D:4      | HP: 10/41 [something/magic dart (3)]
  3035 | D:4      | HP: 2/41 [something (5)]
  3036 | D:4      | Reached skill level 4 in Dodging
  3036 | D:4      | Reached skill level 2 in Unarmed Combat
  3036 | D:4      | Killed from afar by an orc wizard

Skill      XL: |  1  2  3  4  5 |
---------------+----------------+-----
Long Blades    | 3 |  3.1
Dodging        | 3 4 |  4.0
Fighting       | 3 |  3.0
Unarmed Combat | 1 2 |  2.1
Throwing       | |  1.7

Action                   |  1- 3 |  4- 6 || total
-------------------------+-------+-------++-------
Melee: Long sword        |    65 |    44 ||   109
 Stab: Sleeping          |     1 |     1 ||     2
  Eat: Chunk             |     2 |     5 ||     7
Armor: Leather armour    |    25 |     5 ||    30
Dodge: Dodged            |    45 |    21 ||    66
       Rpst.: Long sword |    17 |     5 ||    22

Levels and vault maps discovered:
D:1:      dpeg_arrival_circle_labyrinth_c, layout_basic
D:2:      layout_basic, nicolae_overflow_crystal_walls, elyvilon_altar_3,
          lemuel_round_altar, first_ration, wad_floor_pattern_2, minivault_4
D:3:      layout_basic, dancing_weapons_uskayaw, grunt_temple_overflow_open,
          gammafunk_ghost_stat_death
D:4:      layout_rooms, serial_shops, nicolae_shop_trees

Table legend:
 A = Turns spent in this place as a percentage of turns spent in the entire game.
 B = Non-inter-level travel turns spent in this place as a percentage of non-inter-level travel turns spent in the entire game.
 C = Inter-level travel turns spent in this place as a percentage of turns spent in this place.
 D = Turns resting spent in this place as a percentage of non-inter-level travel turns spent in this place.
 E = Turns spent auto-exploring this place as a percentage of non-inter-level travel turns spent in this place.
 F = Non-inter-level travel turns spent in this place divided by the number of levels of this place that you've seen.
                   A       B       C       D       E      F
               +-------+-------+-------+-------+-------+----------------------
         Total | 100.0 | 100.0 |   7.8 |  10.8 |  74.7 | 700.0
       Dungeon | 100.0 | 100.0 |   7.8 |  10.8 |  74.7 | 700.0
               +-------+-------+-------+-------+-------+----------------------

Table legend:
 A = Kills in this place as a percentage of kills in entire the game.
 B = Kills by you in this place as a percentage of kills by you in the entire game.
 C = Kills by friends in this place as a percentage of kills by friends in the entire game.
 D = Other kills in this place as a percentage of other kills in the entire game.
 E = Experience gained in this place as a percentage of experience gained in the entire game.
 F = Experience gained in this place divided by the number of levels of this place that you have seen.
                   A       B       C       D       E      F
               +-------+-------+-------+-------+-------+----------------------
         Total | 100.0 | 100.0 |   N/A |   N/A | 100.0 |  59.2
       Dungeon | 100.0 | 100.0 |   N/A |   N/A | 100.0 |  59.2
               +-------+-------+-------+-------+-------+----------------------
